 Dungeon Crawl Stone Soup version 0.31-a0-574-g69dc8cc98e (webtiles) character file.

Game seed: 2134087745729519362

2517 Newt the Trooper (level 9, -1/71 HPs)
             Began as a Demonspawn Gladiator on Aug 18, 2023.
             Was an Initiate of Gozag.
             Killed by divine providence
             ... invoked by Jeremiah
              (12 damage)
             ... on level 7 of the Dungeon.
             The game lasted 00:10:52 (8973 turns).

Newt the Trooper (Demonspawn Gladiator)             Turns: 8973, Time: 00:10:53

Health: -1/71      AC:  8    Str: 19    XL:     9   Next: 29%
Magic:  10/10      EV: 11    Int: 11    God:    Gozag
Gold:   887        SH: 15    Dex: 15    Spells: 10/10 levels left

rFire   . . .        D - +2 whip (elec)
rCold   . . .        j - +1 kite shield
rNeg    + + .        z - +1 ring mail "Wachael" {rElec Int+2}
rPois   .            c - +0 helmet
rElec   +            (no cloak)
rCorr   .            (no gloves)
SInv    .            (no boots)
Will    .....        F - amulet of reflection
Stlth   +            h - ring of positive energy
HPRegen 0.31/turn    y - ring of positive energy
MPRegen 0.12/turn

%: reflection
@: no status effects
A: powered by death 1, sturdy frame 1, demonic magic 3, demonic touch 1
a: Renounce Religion, Potion Petition, Call Merchant, Bribe Branch


You were on level 7 of the Dungeon.
You worshipped Gozag.
Gozag was pleased with you.
You visited 1 branch of the dungeon, and saw 7 of its levels.

You collected 907 gold pieces.
You paid 20 gold pieces to Gozag.

Inventory:

Hand Weapons
 a - a +0 rapier
 k - a +0 whip of draining
 D - a +2 whip of electrocution (weapon)
Missiles
 d - 2 throwing nets
 r - 55 stones
 A - 6 poisoned darts
 G - a boomerang (quivered)
Armour
 b - a +0 leather armour
 c - a +0 helmet (worn)
 j - a +1 kite shield (worn)
 z - the +1 ring mail "Wachael" (worn) {rElec Int+2}
   (You found it on level 4 of the Dungeon)

   Int+2:     It affects your intelligence (+2).
   rElec:     It insulates you from electricity.
Jewellery
 h - a ring of positive energy (left hand)
 u - a ring of magical power
 y - a ring of positive energy (right hand)
 E - an amulet of the acrobat
 F - an amulet of reflection (around neck)
Wands
 v - a wand of flame (39)
Scrolls
 i - a scroll of noise
 m - 3 scrolls of amnesia
 s - a scroll of revelation
 w - a scroll of immolation
 B - 2 scrolls of teleportation
 H - a scroll of enchant weapon {unknown}
Potions
 f - a potion of attraction
 l - 2 potions of heal wounds
 n - a potion of invisibility
 o - a potion of cancellation
 p - a potion of curing
 q - a potion of might
 t - 4 potions of enlightenment
 x - 2 potions of berserk rage
 C - a potion of brilliance


   Skills:
 - Level 6.5 Fighting
 - Level 2.6 Short Blades
 - Level 6.0 Maces & Flails
 - Level 4.0 Throwing
 - Level 4.0 Armour
 - Level 4.0 Dodging
 - Level 4.0 Shields
 + Level 1.2 Spellcasting
 + Level 1.3 Hexes


You had 10 spell levels left.
You didn't know any spells.
Your spell library contained the following spells:

 Spells                   Type           Power      Damage    Failure   Level
 Lesser Beckoning         Tloc           0%         N/A       83%         2
 Tukima's Dance           Hex            3%         N/A       87%         3
 Gell's Gravitas          Tloc           0%         N/A       97%         3
 Ignite Poison            Fire/Tmut/Pois 0%         N/A       97%         3
 Teleport Other           Tloc           0%         N/A       97%         3
 Passage of Golubria      Tloc           0%         N/A       100%        4
 Sticky Flame             Conj/Fire      0%         2d3       100%        4
 Yara's Violent Unravell  Hex/Tmut       1%         3d3       100%        5
 Ignition                 Fire           0%         3d3       100%        8


Dungeon Overview and Level Annotations

Branches:
Dungeon (7/15)             Temple (0/1) D:5

Altars:
Dithmenos
Fedhas
Gozag
Trog

Annotations:
D:7 Jeremiah


Innate Abilities, Weirdness & Mutations

You regenerate a little health from kills.
Your movements are slightly less encumbered by armour. (ER -2)
Spells you cast and wands you use may paralyse nearby enemies.
Your touch may inflict minor irresistible damage on your foes.


Message History

You kill the butterfly!
The butterfly disappears in a burst of colours!
The butterfly is no longer distracted by gold.
Unknown command.
Unknown command.
Throw: 2 boomerangs
Press: ? - help, Q - select action, (/) - cycle Shift-Dir - straight line, f/p - Jeremiah
Aim: Jeremiah, wielding a +2 glaive of draining, wearing a +0 robe and carrying a wand of iceblast (heavily wounded, 55% to hit)
You throw a boomerang.
The boomerang closely misses the butterfly.
The boomerang barely misses Jeremiah.
The boomerang barely misses the butterfly.
The boomerang hits the butterfly and shatters for extra damage.
You kill the butterfly!
The butterfly disappears in a burst of colours!
The butterfly disappears in a burst of colours!
Throw: boomerang
Press: ? - help, Q - select action, (/) - cycle Shift-Dir - straight line, f/p - Jeremiah
Aim: Jeremiah, wielding a +2 glaive of draining, wearing a +0 robe and carrying a wand of iceblast (heavily wounded, 55% to hit)
You throw a boomerang.
The boomerang closely misses the butterfly.
The boomerang closely misses the butterfly.
The boomerang hits Jeremiah!
Jeremiah is almost dead.
Jeremiah cries, "Fearful master, protect me!"
Something smites you!
* * * LOW HITPOINT WARNING * * *
You whack the butterfly!
You kill the butterfly!
The butterfly disappears in a burst of colours!
Jeremiah hops!
Unknown command.
You hit the butterfly.
You kill the butterfly!
The butterfly disappears in a burst of colours!
Jeremiah lets out a twisted cry.
Something smites you!
You die...
Jeremiah asks, "Is it over?
Can I wake up now?"
Your body crumbles into a pile of gold.

############# #...........# ###
######g####.####### #.##### #.#
##.##..... ##### #.....# #.#
#......... #...#
#.###.####b###.{....... #...#
#.#.Fb@bb$b.b#......... #...#
###.#.#b####.b.##'##..... #...#
#>...b..## #...##o####### #...#
#........# #...##.#####..
#...####...#.#...##...##.#......
#..........#.##..#######.#......
#..........#.# ..#### #.#......
##+#.##......# .......##.#......
###.#.#####[..# #....#......


You could see Jeremiah.

Vanquished Creatures
  Grinder (D:5)
  3 yaks (D:6)
  A water moccasin (D:6)
  A sky beast (D:7)
  An orc warrior (D:7)
  A black bear (D:6)
  A centaur (D:5)
  An ogre (D:5)
  2 phantoms
  A bullfrog (D:6)
  A scorpion (D:5)
  4 wights (D:6)
  2 howler monkeys
  8 jellies
  4 hounds
  2 orc priests
  A sleepcap (D:5)
  Jessica (D:2)
  An iguana (D:5)
  3 orc wizards
  2 gnolls (D:7)
  8 adders
  3 white imps
  2 ufetubi
  An adder skeleton (D:3)
  2 adder zombies (D:3)
  3 worms
  2 dart slugs
  18 orcs
  10 endoplasms
  2 giant cockroaches
  6 goblins
  6 hobgoblins
  2 jackals (D:1)
  A quokka (D:3)
  4 ball pythons
  A ball python skeleton (D:3)
  5 bats
  3 frilled lizards
  8 kobolds
  2 quokka zombies (D:3)
  5 rats
136 creatures vanquished.

Vanquished Creatures (others)
  An orc wizard (D:7)
  An orc (D:7)
2 creatures vanquished.

Grand Total: 138 creatures vanquished

Notes
Turn   | Place    | Note
-------+----------+-------------------------------------------
     0 | D:1      | Newt the Demonspawn Gladiator began the quest for the Orb.
     0 | D:1      | Reached XP level 1. HP: 16/16 MP: 1/1
   157 | D:1      | Gained mutation: Spells you cast may paralyse adjacent
                  | enemies. [demonic ancestry]
   157 | D:1      | Reached XP level 2. HP: 23/23 MP: 2/2
  1500 | D:2      | Gained mutation: Your movements are slightly less
                  | encumbered by armour. (ER -2) [demonic ancestry]
  1500 | D:2      | Reached XP level 3. HP: 29/29 MP: 3/3
  1512 | D:2      | Noticed Jessica
  1529 | D:2      | Killed Jessica
  1620 | D:2      | Reached skill level 1 in Maces & Flails
  1621 | D:2      | Gained mutation: Your touch may inflict minor irresistible
                  | damage on your foes. [demonic ancestry]
  1621 | D:2      | Reached XP level 4. HP: 7/37 MP: 4/4
  2439 | D:2      | Found an opulent altar of Gozag.
  2448 | D:2      | Became a worshipper of Gozag Ym Sagoz the Greedy
  2690 | D:3      | Found a shadowy altar of Dithmenos.
  3121 | D:4      | Gained mutation: You regenerate a little health from kills.
                  | [demonic ancestry]
  3121 | D:4      | Reached XP level 5. HP: 21/42 MP: 5/5
  4326 | D:4      | Noticed a phantom
  4358 | D:4      | Killed a phantom
  4359 | D:4      | Reached XP level 6. HP: 29/48 MP: 6/6
  4620 | D:4      | Identified the +1 ring mail "Wachael" {rElec Int+2}
  4854 | D:5      | Entered Level 5 of the Dungeon
  4856 | D:5      | Found a blossoming altar of Fedhas.
  5080 | D:5      | Reached skill level 1 in Shields
  5097 | D:5      | Gained mutation: Spells you cast may paralyse nearby
                  | enemies. [demonic ancestry]
  5097 | D:5      | Reached XP level 7. HP: 28/54 MP: 7/7
  5294 | D:5      | Found a staircase to the Ecumenical Temple.
  5668 | D:5      | Noticed Grinder
  6618 | D:5      | Reached skill level 1 in Armour
  6820 | D:5      | Paralysed by Grinder for 2 turns
  6860 | D:5      | Paralysed by Grinder for 4 turns
  6868 | D:5      | Paralysed by Grinder for 4 turns
  6885 | D:5      | Killed Grinder
  6886 | D:5      | Gained mutation: Spells you cast and wands you use may
                  | paralyse nearby enemies. [demonic ancestry]
  6886 | D:5      | Reached XP level 8. HP: 22/60 MP: 8/8
  7275 | D:5      | Found a bloodstained altar of Trog.
  7728 | D:6      | Reached skill level 5 in Maces & Flails
  8458 | D:6      | Reached skill level 5 in Fighting
  8458 | D:6      | Reached XP level 9. HP: 68/68 MP: 9/9
  8888 | D:7      | Reached skill level 1 in Hexes
  8895 | D:7      | Noticed Jeremiah
  8949 | D:7      | Reached skill level 1 in Spellcasting
  8973 | D:7      | Killed from afar by Jeremiah

Illustrated notes

Levels and vault maps discovered:
D:1:      minmay_arrival_wavy_path, layout_basic, chequers_serial_rivers_large_a
D:2:      layout_basic, basic_altar, minmay_misc_feat_more_columns,
          hangedman_decor_push, interstate_on_off,
          corexii_item_surrounded_by_moat, uniq_jessica
D:3:      layout_rooms, nicolae_dithmenos_shadow_blocks, serial_undead,
          serial_undead_c, serial_undead_d, serial_undead_a, serial_undead_e,
          chequers_serial_rivers_small_a
D:4:      layout_gridville, minmay_misc_feat_square, nicolae_hexahallways,
          kennysheep_generic_room_12
D:5:      layout_layer_cave, mainiacjoe_overflow_alcove_2,
          general_overflow_altar, minmay_temple_entry_water_ring,
          serial_bayou_pond_e, minmay_bent, uniq_grinder
D:6:      wander_river, layout_loops_ring, mainiacjoe_overflow_paths
D:7:      layout_basic, nicolae_shop_sticking_my_neck_out, uniq_maggie,
          uniq_jeremiah, uniq_prince_ribbit1

Skill      XL: |  1  2  3  4  5  6  7  8  9 |
---------------+----------------------------+-----
Fighting       | 3 4 5 6 |  6.5
Maces & Flails | 1 3 6 |  6.0
Dodging        | 4 |  4.0
Throwing       | 2 4 |  4.0
Shields        | 1 4 |  4.0
Armour         | 3 4 |  4.0
Hexes          | 1 |  1.3
Spellcasting   | 1 |  1.2
Short Blades   | |  2.6

Action                     |  1- 3 |  4- 6 |  7- 9 || total
---------------------------+-------+-------+-------++-------
  Melee: Rapier            |    24 |       |       ||    24
         Whip              |    55 |   284 |   391 ||   730
  Throw: Javelin           |     1 |     3 |     6 ||    10
         Throwing net      |       |     5 |     2 ||     7
         Dart              |       |       |     8 ||     8
         Stone             |       |       |     2 ||     2
         Boomerang         |       |       |     7 ||     7
    Use: Scroll            |     8 |     7 |     5 ||    20
         Potion            |       |     4 |     2 ||     6
   Stab: Sleeping          |       |     1 |     1 ||     2
         Distracted        |       |       |     1 ||     1
 Armour: Leather armour    |    22 |    55 |       ||    77
         Ring mail         |       |    25 |   108 ||   133
  Dodge: Dodged            |    39 |   143 |   161 ||   343
  Block: Kite shield       |    31 |   101 |   230 ||   362

Table legend: (Time is in decaauts)
 A = Elapsed time spent in this place.
 B = Non-inter-level travel time spent in this place.
 C = Inter-level travel time spent in this place.
 D = Time resting spent in this place.
 E = Time spent auto-exploring this place.
 F = Levels seen in this place.
 G = Mean time per level.
                   A        B        C        D        E       F      G
               +--------+--------+--------+--------+--------+-----+--------+
         Total |   9093 |   8909 |    184 |   2466 |   4908 |   7 | 1299.0 |
       Dungeon |   9093 |   8909 |    184 |   2466 |   4908 |   7 | 1299.0 |
               +--------+--------+--------+--------+--------+-----+--------+

Top non-repeatable levels by time:
     D:5: 2393 daAuts
     D:6: 1444 daAuts
     D:2: 1399 daAuts
     D:4: 1237 daAuts
     D:3: 1163 daAuts
     D:1: 1126 daAuts
     D:7: 329 daAuts
